 Dungeon Crawl Stone Soup version 0.32-a0-711-g016ad743e0 (webtiles) character file.

Game seed: 17672701674440595687

23 jasper the Shooter (level 2, 0/14 HPs)
             Began as a Spriggan Hunter on Mar 15, 2024.
             Succumbed to an adder's poison
             ... on level 2 of the Dungeon.
             The game lasted 00:01:39 (664 turns).

jasper the Shooter (Spriggan Hunter)                 Turns: 664, Time: 00:01:39

Health: 0/14       AC:  2    Str:  7    XL:     2   Next: 75%
Magic:  3/3        EV: 16    Int: 10    God:
Gold:   31         SH:  0    Dex: 18    Spells: 1/1 levels left

rFire   . . .        a - +0 shortbow
rCold   . . .        (shield currently unavailable)
rNeg    . . .        c - +0 robe
rPois   .            (helmet restricted)
rElec   .            (no cloak)
rCorr   .            (gloves unavailable)
SInv    +            (boots unavailable)
Will    .....        (no amulet)
Stlth   +++          (no ring)
HPRegen 0.22/turn    (no ring)
MPRegen 0.08/turn

%: no passive effects
@: lethally poisoned (0 -> -2), very quick
A: very small, no large weapons, unfitting armour, see invisible, speed 3
a: no special abilities


You were on level 2 of the Dungeon.
You visited 1 branch of the dungeon, and saw 2 of its levels.

You collected 31 gold pieces.

Inventory:

Hand Weapons
 a - a +0 shortbow (weapon)
Armour
 c - a +0 robe (worn)
Scrolls
 b - a scroll of butterflies
 d - a scroll of identify
 e - a scroll of blinking


   Skills:
 - Level 1.5 Fighting
 + Level 4.5 Ranged Weapons
 - Level 2.6 Dodging
 - Level 3.2 Stealth


You had one spell level left.
You didn't know any spells.
Your spell library contained the following spells:

 Spells                   Type           Power      Damage    Failure   Level
 Freeze                   Ice            0%         1d3       36%         1
 Frozen Ramparts          Ice            0%         1d1       75%         3
 Hailstorm                Conj/Ice       0%         3d5       75%         3


Dungeon Overview and Level Annotations

Branches:
Dungeon (2/15)

Altars:

Shops:
D:1 !


Innate Abilities, Weirdness & Mutations

You are very small and have problems with some larger weapons.
You are too small for most types of armour.
You have supernaturally acute eyesight. (SInv)
You cover ground extremely quickly. (Speed+++)


Message History

The adder poisons you!
You take 4 damage, and have 9/14 hp.
MASSIVE DAMAGE!!
Fire: a) +0 shortbow
Press: ? - help, Q - select action Shift-Dir - straight line, f/p - adder
Aim: an adder (severely wounded, 46% to hit)
You shoot an arrow. The arrow closely misses the adder.
You feel very sick. The adder bites you but does no damage.
You take 3 damage, and have 6/14 hp.
MASSIVE DAMAGE!!
You aren't carrying any potions.
Okay, then.
Fire: a) +0 shortbow
Press: ? - help, Q - select action Shift-Dir - straight line, f/p - adder
Aim: an adder (severely wounded, 46% to hit)
You shoot an arrow. The arrow barely misses the adder.
You feel sick. The adder bites you but does no damage.
The adder closely misses you.
You take 1 damage, and have 5/14 hp.
Fire: a) +0 shortbow
Press: ? - help, Q - select action Shift-Dir - straight line, f/p - adder
Aim: an adder (severely wounded, 46% to hit)
You shoot an arrow. The arrow closely misses the adder.
* * * LOW HITPOINT WARNING * * *
You feel sick. The adder bites you.
* * * LOW HITPOINT WARNING * * *
You take 2 damage, and have 3/14 hp.
Fire: a) +0 shortbow
Press: ? - help, Q - select action Shift-Dir - straight line, f/p - adder
Aim: an adder (severely wounded, 46% to hit)
You shoot an arrow. The arrow hits the adder!
You kill the adder!
* * * LOW HITPOINT WARNING * * *
You feel sick.
You take 1 damage, and have 2/14 hp.
There is a lethal amount of poison in your body!
There is a lethal amount of poison in your body!
* * * LOW HITPOINT WARNING * * *
You feel sick.
You take 1 damage, and have 1/14 hp.
You die...

#####....##†..#
....'...>.....#.###
#####....###..#.#.. #....#
#..#.#.# ###### ####.#.# #.#.#
#.#.# #.#?######## ######
#.@........# #.....
###.######.###....#
#.............#.#
########.####.#.# #.#.<#...#
#.#.######
########################.#.......
.........................########
########################.# #


There were no monsters in sight!

Vanquished Creatures
  An adder (D:2)
  A dart slug (D:1)
  A ribbon worm (D:2)
  A goblin (D:1)
  2 hobgoblins (D:1)
  A ball python (D:1)
  2 frilled lizards
  2 kobolds
  2 rats (D:1)
13 creatures vanquished.

Notes
Turn   | Place    | Note
-------+----------+-------------------------------------------
     0 | D:1      | jasper the Spriggan Hunter began the quest for the Orb.
     0 | D:1      | Reached XP level 1. HP: 10/10 MP: 2/2
   147 | D:1      | Found Kuce's Distillery.
   377 | D:1      | Reached XP level 2. HP: 14/14 MP: 3/3
   664 | D:2      | Succumbed to an adder's poison

Illustrated notes

Levels and vault maps discovered:
D:1:      scummos_arrival_checkerplants, layout_rooms, serial_shops,
          nicolae_shop_window_shopping, minivault_4, minmay_tree_intersection,
          nicolae_kite_square_tiling_tiny
D:2:      layout_basic, hellmonk_ecumenical_altar_inner_sanctum

Skill      XL: |  1 |
---------------+----+-----
Stealth        | 3 |  3.2
Fighting       | |  1.5
Ranged Weapons | |  4.5
Dodging        | |  2.6

Action                     || total
---------------------------++-------
   Fire: Shortbow          ||    41
    Use: Scroll            ||     1
 Armour: Robe              ||     6
  Dodge: Dodged            ||     4

Table legend: (Time is in decaauts)
 A = Elapsed time spent in this place.
 B = Non-inter-level travel time spent in this place.
 C = Inter-level travel time spent in this place.
 D = Time resting spent in this place.
 E = Time spent auto-exploring this place.
 F = Levels seen in this place.
 G = Mean time per level.
                   A        B        C        D        E       F      G
               +--------+--------+--------+--------+--------+-----+--------+
         Total |    430 |    422 |      8 |      0 |    345 |   2 |  215.0 |
       Dungeon |    430 |    422 |      8 |      0 |    345 |   2 |  215.0 |
               +--------+--------+--------+--------+--------+-----+--------+

Top non-repeatable levels by time:
     D:1: 312 daAuts
     D:2: 118 daAuts
